 Dungeon Crawl Stone Soup version 0.28.0-53-g5a82cb258f (webtiles) character file.

Game seed: 16274783772297633413

168 MalarOregon the Chopper (level 5, -9/43 HPs)
             Began as a Palentonga Fighter on June 13, 2022.
             Mangled by a wyvern zombie (13 damage)
             ... on level 3 of the Dungeon.
             The game lasted 00:03:13 (2641 turns).

MalarOregon the Chopper (Palentonga Fighter)        Turns: 2641, Time: 00:03:13

Health: -9/43      AC:  6    Str: 21    XL:     5   Next: 24%
Magic:  5/5        EV:  7    Int:  9    God:
Gold:   128        SH:  4    Dex:  9    Spells: 4/4 levels left

rFire   . . .      SeeInvis +   a - +0 war axe
rCold   . . .      Faith    .   c - +0 buckler
rNeg    . . .      Spirit   .   b - +0 scale mail
rPois   .          Reflect  .   (no helmet)
rElec   .          Harm     .   (no cloak)
rCorr   +          Rampage  .   (no gloves)
Will    .....                   (no barding)
Stlth   ..........              (no amulet)
HPRegen 0.14/turn               f - ring of resist corrosion
MPRegen 0.09/turn               (no ring)

@: mighty
A: large, rugged brown scales 3, see invisible, deformed body, roll 1, armoured
tail
a: Rolling Charge


You were on level 3 of the Dungeon.
You visited 1 branch of the dungeon, and saw 3 of its levels.

You collected 128 gold pieces.


Innate Abilities, Weirdness & Mutations

You are completely covered in rugged brown scales. (AC +3, +7% HP)
You have supernaturally acute eyesight. (SInv)
Armour fits poorly on your strangely shaped body.
You can roll at nearby foes to attack.
You have a long armoured tail.


   Skills:
 - Level 3.0 Fighting
 * Level 4.6 Axes
 - Level 2.4 Armour
 + Level 3.4 Shields


You had 4 spell levels left.
You didn't know any spells.
Your spell library contained the following spells:

 Spells                   Type           Power      Damage    Failure   Level
 Scorch                   Fire           0%         2d5       91%         2
 Flame Wave               Conj/Fire      0%         2d4       100%        4
 Summon Cactus Giant      Summ           0%         N/A       100%        6

Inventory:

Hand Weapons
 a - a +0 war axe (weapon)
Armour
 b - a +0 scale mail (worn)
 c - a +0 buckler (worn)
Jewellery
 f - a ring of resist corrosion (left hand)
   (You found it on level 2 of the Dungeon)
Scrolls
 h - 2 scrolls of amnesia {unknown}
Potions
 e - 2 potions of cancellation {unknown}
 g - a potion of degeneration {unknown}

Dungeon Overview and Level Annotations

Branches:
Dungeon (3/15)

Altars:

#..# #....#######
#.###.##.#....'......
#.)##.##.##...#######
##.##.##.#..<........
#.##.##.#.#'#.......
#..#.##.#.#.#.......
##.#.##.#.#.#.######
#Z#.##.#...#.......
##.@.##.#####.......
#...........'.......
#.#..#.######.......
#.#..#.# #.......
#.#..#.# #.......
#.#..#.# #.......
..#..#.# #.......
###..#.# #.......
#.>#.# .......


You could see a wyvern zombie.


Message History

You open the door.
There is an open door here.
There is an open door here.
You see here a +0 dagger.
You see here a +0 dagger.
There is an open door here.
There is an open door here.
There is a stone staircase leading up here.
A kobold comes into view. It is wielding a +0 whip.
You slash the kobold!
You kill the kobold!
No target in view!
Things that are here:
a +0 whip; a kobold corpse
Things that are here:
a +0 whip; a kobold corpse Key pressed, stopping explore.
There is a stone staircase leading up here.
Done exploring.
Done exploring.
Done exploring.
Level map cleared.
Natasha, Servant of Life and Death comes into view.
Natasha hisses angrily.
Natasha casts a spell at you.
You feel yourself slow down. There's nothing you can charge at!
Roll where?
Press: ? - help, Dir - move target, f - Natasha
Aim: Natasha You roll forward with a clatter of scales!
You barely miss Natasha.
You tail-slap Natasha, but do no damage.
Natasha claws you. x2
You closely miss Natasha. You block Natasha's attack. x2
You slash Natasha! Natasha claws you but does no damage.
Natasha mumbles some strange words.
Natasha glows brightly for a moment.
Natasha claws you but does no damage.
You slash Natasha!
You kill Natasha!
Natasha screams in fury as she dies!
You have reached level 5!
You feel yourself speed up.
You see here 20 bolts.
There is a stone staircase leading down here.
There is a stone staircase leading down here.
Natasha, Servant of Life and Death comes into view.
Natasha hisses angrily.
Roll where?
Press: ? - help, Dir - move target, f - Natasha
Aim: Natasha You roll forward with a clatter of scales!
You hit Natasha but do no damage. You tail-slap Natasha!
You kill Natasha!
You feel Natasha's spirit has finally been put to rest.
Remembered map restored.
There is a stone staircase leading up here.
There is an escape hatch in the ceiling here.
Really go through this one-way escape hatch?
A mysterious force pulls you upwards. The hatch slams shut behind you.
There is a stone staircase leading down here.
You climb downwards.
There is a stone staircase leading up here.
There is a stone staircase leading down here.
You climb downwards.
Found a stone staircase leading down.
There is a stone staircase leading up here.
There is a stone staircase leading down here.
Found a scroll labelled FOSHRETH WIUGI.
h - 2 scrolls labelled FOSHRETH WIUGI (gained 1)
Found a stone staircase leading up.
You open the door.
There is an open door here.
You open the door. You open the door.
There is an open door here.
Found a stone staircase leading down.
A goblin comes into view. It is wielding a +0 dagger.
The goblin shouts!
A wyvern zombie comes into view.
You closely miss the goblin. You tail-slap the goblin.
You kill the goblin!
The wyvern zombie barely misses you.
You completely miss the wyvern zombie. The wyvern zombie bites you!
The wyvern zombie bites you.
You barely miss the wyvern zombie. The wyvern zombie bites you!
* * * LOW HITPOINT WARNING * * *
The wyvern zombie bites you!
* * * LOW HITPOINT WARNING * * *
You see here a +0 dagger.
The wyvern zombie bites you.
* * * LOW HITPOINT WARNING * * *
The wyvern zombie bites you but does no damage.
Press: ? - help, v - describe, . - travel
Here: a wyvern zombie The floor.
You feel very mighty all of a sudden. The wyvern zombie bites you!
You die...

Skill      XL: |  1  2  3  4 |
---------------+-------------+-----
Axes           | 3 4 |  4.6
Shields        | 3 |  3.4
Fighting       | |  3.0
Armour         | |  2.4

Action                   |  1- 3 |  4- 6 || total
-------------------------+-------+-------++-------
Melee: War axe           |   103 |    40 ||   143
       Tailslap          |    10 |     5 ||    15
 Abil: Rolling Charge    |     1 |     2 ||     3
  Use: Potion            |       |     1 ||     1
Armor: Scale mail        |    46 |    20 ||    66
Dodge: Dodged            |    46 |    13 ||    59
Block: Buckler           |    23 |     8 ||    31

Levels and vault maps discovered:
D:1:      pf_arrival_petrified_forest, layout_basic,
          chequers_ecumenical_altar_grove, kennysheep_decorative_pillar
D:2:      minmay_chambers_of_twos, layout_rooms, serial_bayou_pond_b,
          uniq_natasha
D:3:      layout_basic, chequers_temple_overflow_statue_of_worship,
          minmay_vboxes, uniq_crazy_yiuf_cottage

Notes
Turn   | Place    | Note
-------+----------+-------------------------------------------
     0 | D:1      | MalarOregon the Palentonga Fighter began the quest for the
                  | Orb.
     0 | D:1      | Reached XP level 1. HP: 19/19 MP: 1/1
   621 | D:1      | Reached XP level 2. HP: 21/25 MP: 2/2
   898 | D:1      | Found a faded altar of an unknown god.
  1040 | D:2      | Reached skill level 3 in Axes
  1072 | D:2      | Reached XP level 3. HP: 27/31 MP: 3/3
  1246 | D:2      | You pick up a book of Scorching and begin reading...
  1246 | D:2      | You add the spells Scorch, Flame Wave and Summon Cactus
                  | Giant to your library.
  1645 | D:2      | Reached skill level 3 in Shields
  1851 | D:2      | Reached XP level 4. HP: 30/37 MP: 4/4
  2003 | D:2      | Noticed Natasha
  2012 | D:2      | Killed Natasha
  2013 | D:2      | Reached skill level 4 in Axes
  2325 | D:2      | Noticed Natasha
  2331 | D:2      | Killed Natasha
  2332 | D:2      | Reached XP level 5. HP: 37/43 MP: 5/5
  2501 | D:2      | Noticed Natasha
  2503 | D:2      | Killed Natasha
  2633 | D:3      | HP: 5/43 [wyvern zombie (13)]
  2641 | D:3      | Mangled by a wyvern zombie

Vanquished Creatures
  Natasha (thrice) (D:2)
  4 adders (D:2)
  5 worms (D:2)
  An orc (D:2)
  3 ball pythons
  7 bats
  4 endoplasms
  2 giant cockroaches
  2 hobgoblins (D:2)
  A jackal (D:2)
  2 kobolds
  3 quokkas
  A frilled lizard (D:2)
  4 goblins
  4 rats
46 creatures vanquished.

Vanquished Creatures (others)
  2 plants (D:2)
2 creatures vanquished.

Grand Total: 48 creatures vanquished

Table legend:
 A = Non-vault XP
 B = Vault XP
 C = Vault XP percentage of total XP
 D = Non-vault monster count
 E = Vault monster count
 F = Vault count percentage of total count
                 A         B        C        D         E       F
            +---------+---------+-------+---------+---------+-------
      Total |     158 |      83 |  34.4 |      34 |      12 |  26.1
            +---------+---------+-------+---------+---------+-------
        D:1 |      17 |       0 |   0.0 |      10 |       0 |   0.0
        D:2 |     139 |      83 |  37.4 |      23 |      12 |  34.3
        D:3 |       2 |       0 |   0.0 |       1 |       0 |   0.0
            +---------+---------+-------+---------+---------+-------

Illustrated notes

Table legend:
 A = Kills in this place as a percentage of kills in entire the game.
 B = Kills by you in this place as a percentage of kills by you in the entire game.
 C = Kills by friends in this place as a percentage of kills by friends in the entire game.
 D = Other kills in this place as a percentage of other kills in the entire game.
 E = Experience gained in this place as a percentage of experience gained in the entire game.
 F = Experience gained in this place divided by the number of levels of this place that you have seen.
                   A       B       C       D       E      F
               +-------+-------+-------+-------+-------+----------------------
         Total | 100.0 | 100.0 |   N/A |   N/A | 100.0 |  80.3
       Dungeon | 100.0 | 100.0 |   N/A |   N/A | 100.0 |  80.3
               +-------+-------+-------+-------+-------+----------------------

Table legend: (Time is in decaauts)
 A = Elapsed time spent in this place.
 B = Non-inter-level travel time spent in this place.
 C = Inter-level travel time spent in this place.
 D = Time resting spent in this place.
 E = Time spent auto-exploring this place.
 F = Levels seen in this place.
 G = Mean time per level.
                   A        B        C        D        E       F      G
               +--------+--------+--------+--------+--------+-----+--------+
         Total |   2701 |   2638 |     63 |      0 |   2267 |   3 |  900.3 |
       Dungeon |   2701 |   2638 |     63 |      0 |   2267 |   3 |  900.3 |
               +--------+--------+--------+--------+--------+-----+--------+

Top non-repeatable levels by time:
     D:2: 1561 daAuts
     D:1: 1058 daAuts
     D:3: 81 daAuts
